 Dungeon Crawl Stone Soup version 0.26.1-11-gd32895ea62 (webtiles) character file.

Game seed: 5143024370225789533

35648 Jerry the Basher (level 13, -2/122 HPs)
             Began as a Troll Hunter on June 22, 2021.
             Was an Initiate of Gozag.
             Slain by a cane toad (8 damage)
             ... on level 6 of the Lair of Beasts on June 23, 2021.
             The game lasted 01:04:26 (16840 turns).

Jerry the Basher (Troll Hunter)                    Turns: 16840, Time: 01:04:27

Health: -2/122     AC: 20    Str: 25    XL:     13   Next: 48%
Magic:  0/12       EV: 10    Int:  9    God:    Gozag
Gold:   552        SH:  0    Dex: 16    Spells: 12/12 levels left

rFire    . . .     SeeInvis .   a - +3 mace (vorpal)
rCold    + + +     Faith    .   (no shield)
rNeg     + . .     Spirit   +   t - +0 ice dragon scales
rPois    +         Reflect  .   y - +2 hat
rElec    .         Harm     .   u - scarf {repulsion}
rCorr    .         Rampage  .   (gloves unavailable)
Will     +....                  (boots unavailable)
Stlth    +.........             v - amulet of guardian spirit
HPRegen  0.70/turn              M - ring of Viura {rPois Will+ Dex+6}
MPRegen  0.13/turn              Q - ring "Myabuamu" {rF+ rC+ rN+ Stlth+}

@: lethally poisoned (-2 -> -5), gold aura, studying Translocations, repel
missiles
A: large, unfitting armour, claws 3, regeneration 1, shaggy fur 1, tough skin 3
a: Renounce Religion, Potion Petition, Call Merchant, Bribe Branch


You were on level 6 of the Lair of Beasts.
You worshipped Gozag.
Gozag was pleased with you.
You visited 3 branches of the dungeon, and saw 17 of its levels.

You collected 3174 gold pieces.
You spent 788 gold pieces at shops.
You paid 1834 gold pieces to Gozag.

Inventory:

Hand Weapons
 a - a +3 vorpal mace (weapon)
 H - a +0 whip of electrocution
Missiles
 d - a throwing net
 i - 7 atropa-tipped darts
 k - 5 large rocks (quivered)
Armour
 c - a +2 robe of fire resistance
 t - +0 ice dragon scales (worn)
 u - a scarf of repulsion (worn)
 y - a +2 hat (worn)
 F - +0 acid dragon scales
Jewellery
 q - an uncursed ring of see invisible
 s - an uncursed ring of flight
 v - an amulet of guardian spirit (around neck)
 M - the ring of Viura (left claw) {rPois Will+ Dex+6}
   (You found it on level 11 of the Dungeon)

   [ring of poison resistance]

   It affects your dexterity (+6).
   It protects you from poison.
   It affects your willpower, your defense against some magical effects.
 Q - the ring "Myabuamu" (right claw) {rF+ rC+ rN+ Stlth+}
   (You bought it in a shop on level 2 of the Lair of Beasts)

   [ring of positive energy]

   It protects you from fire.
   It protects you from cold.
   It protects you from negative energy.
   It makes you more stealthy.
Wands
 n - a wand of flame (39)
 D - a wand of iceblast (21)
 G - a wand of paralysis (17)
 J - a wand of digging (7)
Scrolls
 b - 3 scrolls of enchant weapon
 e - 2 scrolls of teleportation
 f - a scroll of immolation {unknown}
 r - 5 scrolls of enchant armour
 x - a scroll of blinking
 z - 7 scrolls of remove curse
 A - 2 scrolls of fear
 C - 3 scrolls of amnesia
 K - a scroll of fog
 L - a scroll of identify
Potions
 g - 2 potions of haste {unknown}
 h - 6 potions of curing
 j - 2 potions of heal wounds
 l - 4 potions of brilliance {unknown}
 m - a potion of mutation
 p - a potion of attraction {unknown}
 B - a potion of might {unknown}
 E - a potion of degeneration {unknown}
 N - a potion of cancellation {unknown}
 O - a potion of ambrosia {unknown}
 T - a potion of experience {unknown}
Books
 P - a manual of Translocations


   Skills:
 + Level 6.5 Fighting
 + Level 13.6 Maces & Flails
 - Level 5.1 Throwing
 + Level 12.5 Armour
 - Level 3.5 Dodging
 - Level 0.3 Stealth


You had 12 spell levels left.
You didn't know any spells.
Your spell library contained the following spells:

 Spells                   Type           Power        Failure   Level
 Corona                   Hex            0%           65%         1
 Summon Small Mammal      Summ           0%           65%         1
 Call Imp                 Summ           0%           80%         2
 Slow                     Hex            0%           80%         2
 Call Canine Familiar     Summ           0%           95%         3
 Inner Flame              Hex/Fire       0%           95%         3
 Portal Projectile        Hex/Tloc       0%           95%         3
 Summon Guardian Golem    Hex/Summ       0%           95%         3
 Cause Fear               Hex            0%           100%        4
 Leda's Liquefaction      Hex/Erth       0%           100%        4
 Summon Ice Beast         Ice/Summ       0%           100%        4
 Summon Lightning Spire   Summ/Air       0%           100%        4


Dungeon Overview and Level Annotations

Branches:
Dungeon (11/15)            Temple (1/1) D:5            Lair (4/6) D:11
  Swamp (0/4) Lair:2        Snake (0/4) Lair:3
    Orc: D:9-12

Altars:
Ashenzari
Cheibriados
Dithmenos
Elyvilon
Fedhas
Gozag
Hepliaklqana
Kikubaaqudgha
Makhleb
Nemelex Xobeh
Okawaru
Qazlal
Ru
Sif Muna
Trog
Uskayaw
Vehumet
Wu Jian
Xom
Yredelemnul
Zin
The Shining One

Shops:
D:6 (   D:7 [   Lair:2 =(

Annotations:
D:3 2 transporters
D:10 3 runed translucent doors, Rrauwl's ghost, novice MiDe
Lair:3 exclusion: 3 oklob plants


Innate Abilities, Weirdness & Mutations

You are too large for most types of armour.
You have claws for hands.
Your natural rate of healing is unusually fast.
You are covered in fur. (AC +1)
You have extremely tough skin. (AC +3)


Message History

* * * LOW HITPOINT WARNING * * *
You hit the cane toad.
You kill the cane toad!
You barely miss the cane toad.
You feel sick. The cane toad stings you.
* * * LOW HITPOINT WARNING * * *
You are lethally poisoned!
The cane toad poisons you!
You feel better. The cane toad misses you. The cane toad stings you!
* * * LOW HITPOINT WARNING * * *
You hit the cane toad but do no damage. You barely miss the cane toad.
The cane toad stings you.
* * * LOW HITPOINT WARNING * * *
You are poisoned.
The cane toad poisons you!
You hit the cane toad but do no damage.
You feel sick. The cane toad stings you.
* * * LOW HITPOINT WARNING * * *
You barely miss the cane toad. The cane toad stings you!
You die...
Your body crumbles into a pile of gold.

.......P.....#...
#.....Y........
#.....Y........
##F..Y.........
#PFF...F...$..
##FF..........
##.Y.F........
#F##..........
##@########.#P
#.# ## ###


You could see a cane toad.

Vanquished Creatures
  4 hydras
  A boulder beetle (Lair:2)
  A death knight (D:11)
  4 two-headed ogres
  2 unseen horrors
  2 bog bodies
  Pikel (D:8)
  11 elephants
  3 black mambas
  Maggie (D:8)
  10 cane toads
  A rime drake (Lair:6)
  6 komodo dragons
  A troll (D:10)
  24 blink frogs
  20 yaks
  3 basilisks
  7 spriggans (D:10)
  2 wyverns
  A shadow (D:11)
  A vampire mosquito (Lair:6)
  2 nagas (Lair:3)
  Duvessa (D:4)
  9 water moccasins
  4 orc warriors
  2 ice beasts
  2 sky beasts
  2 black bears
  3 phantoms
  11 wolves
  4 ogres
  3 centaurs
  A lemure (D:8)
  3 big kobolds
  13 bullfrogs
  2 gnoll sergeants
  Dowan (D:4)
  3 wyvern skeletons
  4 scorpions
  3 wights (D:11)
  A howler monkey (D:8)
  11 killer bees
  A bullfrog zombie (D:7)
  A crimson imp (D:3)
  5 hounds
  8 orc priests
  A centaur skeleton (D:10)
  3 jellies
  9 orc wizards
  3 iguanas
  10 worker ants
  11 gnolls
  10 adders
  A howler monkey skeleton (D:10)
  A shadow imp (D:7)
  A white imp (D:10)
  An ufetubus (D:6)
  An ooze (D:6)
  An adder zombie (D:10)
  An adder skeleton (D:7)
  2 worms
  2 dart slugs (D:1)
  2 leopard geckos
  38 orcs
  A ball python (D:2)
  9 giant cockroaches
  9 goblins
  7 hobgoblins
  11 jackals
  16 kobolds
  3 quokkas
  7 bats
  4 frilled lizards (D:3)
  A giant cockroach zombie (D:5)
  8 rats
380 creatures vanquished.

Vanquished Creatures (others)
  24 fungi
  150 plants
174 creatures vanquished.

Grand Total: 554 creatures vanquished

Notes
Turn   | Place    | Note
-------+----------+-------------------------------------------
     0 | D:1      | Jerry the Troll Hunter began the quest for the Orb.
     0 | D:1      | Reached XP level 1. HP: 19/19 MP: 0/0
   160 | D:1      | Reached XP level 2. HP: 27/28 MP: 1/1
   230 | D:1      | Reached skill level 1 in Maces & Flails
   482 | D:2      | Reached XP level 3. HP: 11/35 MP: 2/2
   741 | D:2      | Found a glowing golden altar of the Shining One.
   935 | D:2      | Reached XP level 4. HP: 42/42 MP: 3/3
  1190 | D:2      | Reached skill level 2 in Maces & Flails
  1206 | D:2      | Found a white marble altar of Elyvilon.
  1525 | D:3      | Found a radiant altar of Vehumet.
  1762 | D:3      | Found a stormy altar of Qazlal.
  1785 | D:3      | Found a burning altar of Makhleb.
  1785 | D:3      | Found a shimmering altar of Xom.
  1802 | D:3      | Reached XP level 5. HP: 17/50 MP: 4/4
  1969 | D:3      | Reached skill level 3 in Maces & Flails
  2009 | D:3      | Found a transporter.
  2031 | D:3      | Found a transporter.
  2381 | D:4      | Noticed a phantom
  2410 | D:4      | Found a hazy altar of Hepliaklqana.
  2530 | D:4      | Reached XP level 6. HP: 59/59 MP: 5/5
  2574 | D:4      | HP: 1/59 [orc wizard/magic dart (9)]
  2580 | D:4      | HP: 2/88 [orc wizard/magic dart (5)]
  2927 | D:4      | Noticed an orc warrior
  3017 | D:4      | Killed an orc warrior
  3018 | D:4      | Reached skill level 4 in Maces & Flails
  3018 | D:4      | Reached XP level 7. HP: 62/67 MP: 6/6
  3144 | D:4      | Noticed Dowan
  3145 | D:4      | Noticed Duvessa
  3153 | D:4      | Killed Duvessa
  3154 | D:4      | Reached skill level 5 in Throwing
  3168 | D:4      | Killed Dowan
  3206 | D:4      | Found a broken altar of Ashenzari.
  3606 | D:5      | Entered Level 5 of the Dungeon
  3610 | D:5      | Reached skill level 1 in Armour
  3667 | D:5      | Found a staircase to the Ecumenical Temple.
  3681 | Temple   | Entered the Ecumenical Temple
  3760 | Temple   | Became a worshipper of Gozag Ym Sagoz the Greedy
  3852 | D:5      | Reached skill level 5 in Maces & Flails
  3852 | D:5      | Reached XP level 8. HP: 65/78 MP: 3/7
  4115 | D:5      | You fall into a shaft and drop 2 floors!
  4322 | D:7      | Found Podoicw's Antique Armour Shoppe.
  4759 | D:6      | Found Ottohuri's Weapon Emporium.
  4885 | D:6      | Reached skill level 6 in Maces & Flails
  4960 | D:6      | Reached XP level 9. HP: 82/87 MP: 8/8
  4972 | D:6      | Found a bloodstained altar of Trog.
  5364 | D:5      | Found a sacrificial altar of Ru.
  5369 | D:5      | Found an ornate altar of the Wu Jian Council.
  6117 | D:8      | Reached skill level 5 in Fighting
  6130 | D:8      | Paralysed by an orc wizard for 3 turns
  6138 | D:8      | Noticed Maggie
  6161 | D:8      | Killed Maggie
  6162 | D:8      | Reached skill level 5 in Armour
  6249 | D:8      | Noticed Pikel
  6268 | D:8      | Killed Pikel
  6269 | D:8      | Reached skill level 7 in Maces & Flails
  6765 | D:8      | You fall into a shaft and drop 1 floor!
  7008 | D:9      | Found a glowing silver altar of Zin.
  7011 | D:9      | Found an ornate altar of the Wu Jian Council.
  7011 | D:9      | Found a snail-covered altar of Cheibriados.
  7013 | D:9      | Found a shimmering altar of Xom.
  7013 | D:9      | Found a shadowy altar of Dithmenos.
  7013 | D:9      | Found a sacrificial altar of Ru.
  7354 | D:9      | Found a hide-covered altar of Uskayaw.
  7659 | D:10     | Entered Level 10 of the Dungeon
  7767 | D:10     | Noticed a two-headed ogre
  7919 | D:10     | Found a runed translucent gate.
  7919 | D:10     | Found a runed translucent gate.
  7919 | D:10     | Found a runed translucent gate.
  7920 | D:10     | Noticed Rrauwl's ghost (novice MiDe)
  7933 | D:10     | Reached XP level 10. HP: 92/96 MP: 9/9
  7970 | D:10     | Killed a two-headed ogre
  7971 | D:10     | Reached skill level 8 in Maces & Flails
  8373 | D:10     | Reached skill level 9 in Maces & Flails
  8709 | D:10     | Noticed an unseen horror
  8728 | D:10     | Killed an unseen horror
  8938 | D:11     | Noticed a two-headed ogre
  8953 | D:11     | Noticed an unseen horror
  8968 | D:10     | Killed a two-headed ogre
  9037 | D:11     | Noticed a death knight
  9305 | D:10     | Reached XP level 11. HP: 100/104 MP: 10/10
  9309 | D:11     | Noticed a two-headed ogre
  9619 | D:10     | Killed a two-headed ogre
  9620 | D:10     | Reached skill level 10 in Maces & Flails
  9908 | D:11     | Got a vibrating marble ring
  9912 | D:11     | Identified the ring of Viura {rPois Will+ Dex+6} (You found
                  | it on level 11 of the Dungeon)
 10196 | D:11     | Killed an unseen horror
 10536 | D:11     | Found a staircase to the Lair.
 10581 | D:11     | Noticed a two-headed ogre
 10601 | D:11     | Killed a two-headed ogre
 10703 | D:11     | Reached skill level 11 in Maces & Flails
 10922 | D:11     | Killed a death knight
 10923 | D:11     | Reached skill level 10 in Armour
 11158 | Lair:1   | Entered Level 1 of the Lair of Beasts
 11392 | Lair:1   | Noticed a five-headed hydra
 11424 | Lair:1   | Killed a five-headed hydra
 11793 | Lair:1   | Reached XP level 12. HP: 89/111 MP: 8/11
 12283 | Lair:1   | Reached skill level 12 in Maces & Flails
 12976 | Lair:2   | Noticed an eight-headed hydra
 13111 | Lair:2   | Killed an eight-headed hydra
 13254 | Lair:2   | Noticed a four-headed hydra
 13277 | Lair:2   | Killed a four-headed hydra
 13378 | Lair:2   | Noticed a six-headed hydra
 13395 | Lair:2   | Killed a six-headed hydra
 13625 | Lair:2   | Found a staircase to the Swamp.
 13705 | Lair:2   | Reached skill level 13 in Maces & Flails
 14474 | Lair:3   | Noticed a boulder beetle
 14501 | Lair:2   | Killed a boulder beetle
 14639 | Lair:2   | Bought the ring "Myabuamu" {rF+ rC+ rN+ Stlth+} for 788
                  | gold pieces
 14714 | Lair:3   | Reached XP level 13. HP: 106/118 MP: 10/12
 15752 | Lair:3   | Found a staircase to the Snake Pit.
 16236 | Lair:3   | Found a blossoming altar of Fedhas.
 16559 | Lair:4   | You fall into a shaft and drop 2 floors!
 16559 | Lair:6   | Entered Level 6 of the Lair of Beasts
 16839 | Lair:6   | HP: 5/122 [cane toad (4)]
 16840 | Lair:6   | Slain by a cane toad

Illustrated notes

Levels and vault maps discovered:
D:1:      lightli_arrival_flooded_house, layout_rooms
D:2:      layout_loops_ring, lemuel_coloured_pillars_altar,
          nicolae_tso_swordbearing_angel, kennysheep_generic_room_9
D:3:      gammafunk_steamed_eel, layout_rooms,
          grunt_temple_overflow_champion_of_chaos, fiery_altar_vehumet,
          nicolae_qazlal_eye_of_the_storm
D:4:      layout_gridville, lemuel_round_altar, ashenzari_conservatory_becter,
          uniq_duvessa
D:5:      layout_cave_pods, minitemple, minmay_temple_entry_overgrown
D:6:      layout_loops_ring, kennysheep_mini, serial_shops, kennysheep_mini_moat
D:7:      layout_gridville, serial_shops, shop
D:8:      layout_gridville, uniq_maggie, uniq_pikel
D:9:      layout_cave_pods, lemuel_round_altar, doesnt_xom_only_xom
D:10:     kb_forest_paths, layout_long_grid, gammafunk_ghost_nasty_kobolds,
          glass_columns_b
D:11:     layout_gridville, david_lair_generic
Temple:   eino_temple_lava
Lair:1:   layout_chaotic_city, grunt_megastairs_4
Lair:2:   layout_regular_city, skrybe_swamp_entry_bodies
Lair:3:   layout_hall_layers, guppyfry_snake_entry_island, tgw_fedhas,
          grunt_megastairs_5, serial_bayou_shore_a, minmay_lair_oklob_chamber
Lair:4:   onia_ninara_swampy_vault, layout_small_grid, lemuel_oklob_altar
Lair:6:   minmay_lair_end_frog_pond, layout_gridlike

Skill      XL: |  1  2  3  4  5  6  7  8  9 10 11 12 13 |
---------------+----------------------------------------+-----
Maces & Flails | 1 2 3 4 5 6 7 9 11 13 | 13.6
Fighting       | 2 3 4 5 6 |  6.5
Dodging        | 2 3 |  3.5
Throwing       | 4 5 |  5.1
Armour         | 1 4 6 8 10 12 | 12.5
Stealth        | |  0.3

Action                   |  1- 3 |  4- 6 |  7- 9 | 10-12 | 13-15 || total
-------------------------+-------+-------+-------+-------+-------++-------
Melee: Mace              |    92 |   191 |   422 |   995 |   412 ||  2112
Throw: Large rock        |       |    10 |     9 |    11 |       ||    30
       Dart              |       |       |       |    12 |       ||    12
       Throwing net      |       |       |       |     5 |       ||     5
Invok: Potion Petition   |       |       |     1 |       |       ||     1
       Call Merchant     |       |       |       |     2 |       ||     2
  Use: Scroll            |       |    11 |     2 |    10 |     4 ||    27
       Potion            |       |     1 |       |       |     3 ||     4
 Stab: Sleeping          |     1 |       |       |       |       ||     1
       Held in net/web   |       |       |       |     2 |       ||     2
       Distracted        |       |       |       |     2 |     1 ||     3
Armor: Robe              |    44 |   105 |    17 |       |       ||   166
       Skin              |       |     9 |       |       |       ||     9
       Ice dragon scales |       |       |   283 |   663 |   223 ||  1169
Dodge: Dodged            |    65 |   118 |   206 |   486 |   211 ||  1086
       Repelled          |       |       |     3 |     2 |       ||     5
